General information
- name: BNet
- type: Ladder team game (AT/RT)
- host: Battle.net
- saver: GOKU-DID-MYMOM
map: Deadlands
- players: 8
- length: 48:25
- speed: Fast
- version: 1.27 W3XP
- replay type: Public
» download(337 KB)
Players
team 1 (winner)

»
artvandelay (
yellow | 178 APM | 6091 actions | 34:16)
6 Blademaster
2 Wind Walk
3 Critical Strike
1 Bladestorm
5 Shadow Hunter
2 Hex
3 Healing Wave
» actions
Assign group hotkey | 77 | |
Basic commands | 345 | |
Build / train | 138 | |
ESC pressed | 7 | |
Enter build submenu | 59 | |
Enter hero's abilities submenu | 11 | |
Give item / drop item | 4 | |
Remove unit from queue | 5 | |
Right click | 2255 | |
Select / deselect | 709 | |
Select group hotkey | 2166 | |
Use ability | 315 | |
6091 total
» units
Peon | 17 | |
Grunt | 8 | |
Raider | 6 | |
Spirit Walker | 2 | |
Troll Witch Doctor | 9 | |
Goblin Shredder | 2 | |
Goblin Zeppelin | 2 | |
Tauren | 3 | |
Troll Batrider | 13 | |
Demolisher | 1 | |
63 total
» upgrades
Armor | 3 | |
Berserker Strength | 1 | |
Melee Weapons | 2 | |
Ensnare | 1 | |
Witch Doctor Training | 2 | |
Pillage | 1 | |
Reinforced Defenses | 1 | |
Spirit Walker Training | 2 | |
Pulverize | 1 | |
Ranged Weapons | 1 | |
15 total
» buildings
Altar of Storms | 1 | |
Orc Burrow | 9 | |
Barracks | 1 | |
Voodoo Lounge | 2 | |
War Mill | 1 | |
Great Hall | 4 | |
Stronghold | 2 | |
Watch Tower | 29 | |
Beastiary | 2 | |
Spirit Lodge | 1 | |
Fortress | 4 | |
Tauren Totem | 3 | |
59 total
» build order
00:06 Altar of Storms
00:18 Orc Burrow
00:38 Barracks
01:28 Orc Burrow
01:52 Voodoo Lounge
03:18 War Mill
04:06 Great Hall
04:27 Stronghold
05:15 Watch Tower
05:26 Orc Burrow
06:24 Watch Tower
07:16 Beastiary
07:19 Spirit Lodge
07:43 Watch Tower
07:58 Orc Burrow
08:59 Voodoo Lounge
09:09 Orc Burrow
10:17 Watch Tower
10:38 Fortress
10:39 Fortress
10:39 Fortress
13:20 Tauren Totem
13:39 Tauren Totem
13:50 Tauren Totem
14:53 Orc Burrow
15:18 Orc Burrow
17:17 Orc Burrow
19:37 Beastiary
19:42 Orc Burrow
25:29 Watch Tower
25:30 Watch Tower
25:30 Watch Tower
25:31 Watch Tower
25:48 Watch Tower
26:22 Great Hall
26:41 Watch Tower
26:43 Watch Tower
28:30 Watch Tower
28:45 Watch Tower
28:47 Watch Tower
28:52 Great Hall
29:19 Watch Tower
29:55 Watch Tower
30:14 Watch Tower
30:43 Great Hall
30:52 Watch Tower
30:54 Watch Tower
30:59 Watch Tower
31:27 Watch Tower
31:28 Watch Tower
31:29 Watch Tower
31:40 Watch Tower
31:41 Watch Tower
32:09 Watch Tower
32:27 Watch Tower
33:38 Watch Tower
33:38 Watch Tower
» items
Healing Salve | 5 | |
Scroll of Speed | 1 | |
Scroll of Regeneration | 1 | |
Scroll of Town Portal | 2 | |
Potion of Lesser Invulnerability | 1 | |
Scroll of Healing | 1 | |
Orb of Lightning | 1 | |
Lesser Clarity Potion | 1 | |
13 total

»
hanuOK (
purple | 38 APM | 1626 actions | 43:07)
8 Death Knight
3 Death Coil
3 Unholy Aura
1 Animate Dead
1 Death Pact
1 Crypt Lord
1 Impale
» actions
Assign group hotkey | 6 | |
Basic commands | 25 | |
Build / train | 53 | |
ESC pressed | 6 | |
Enter build submenu | 19 | |
Enter hero's abilities submenu | 9 | |
Give item / drop item | 1 | |
Remove unit from queue | 7 | |
Right click | 1082 | |
Select / deselect | 339 | |
Select group hotkey | 18 | |
Use ability | 61 | |
1626 total
» units
Acolyte | 5 | |
Ghoul | 3 | |
Crypt Fiend | 8 | |
Frost Wyrm | 8 | |
Draenei Disciple | 1 | |
25 total
» upgrades
Web | 1 | |
Creature Attack | 1 | |
Freezing Breath | 1 | |
3 total
» buildings
Crypt | 1 | |
Ziggurat | 6 | |
Altar of Darkness | 1 | |
Graveyard | 1 | |
Tomb of Relics | 1 | |
Nerubian Tower | 1 | |
Halls of the Dead | 1 | |
Black Citadel | 1 | |
Sacrificial Pit | 1 | |
Spirit Tower | 1 | |
Boneyard | 3 | |
18 total
» build order
00:14 Crypt
00:28 Ziggurat
00:40 Altar of Darkness
01:02 Ziggurat
01:22 Graveyard
02:15 Tomb of Relics
02:32 Nerubian Tower
04:17 Halls of the Dead
05:30 Ziggurat
05:35 Ziggurat
06:42 Black Citadel
08:20 Sacrificial Pit
08:27 Spirit Tower
08:30 Ziggurat
09:17 Boneyard
09:22 Boneyard
09:23 Boneyard
10:42 Ziggurat
» items
Rod of Necromancy | 1 | |
Boots of Speed | 1 | |
Orb of Lightning | 1 | |
3 total
824782478292492 (
green | 99 APM | 4784 actions | 48:25)
8 Blademaster
3 Wind Walk
3 Critical Strike
1 Bladestorm
1 Mirror Image
» actions
Assign group hotkey | 87 | |
Basic commands | 255 | |
Build / train | 123 | |
ESC pressed | 5 | |
Enter build submenu | 35 | |
Enter hero's abilities submenu | 8 | |
Give item / drop item | 10 | |
Right click | 1754 | |
Select / deselect | 412 | |
Select group hotkey | 1702 | |
Use ability | 393 | |
4784 total
» units
Peon | 12 | |
Grunt | 5 | |
Goblin Shredder | 1 | |
Wind Rider | 11 | |
Goblin Sapper | 4 | |
Goblin Zeppelin | 2 | |
35 total
» upgrades
Armor | 3 | |
Berserker Strength | 1 | |
Pillage | 1 | |
Reinforced Defenses | 1 | |
Envenomed Spears | 1 | |
Ranged Weapons | 3 | |
Spiked Barricades | 3 | |
Liquid Fire | 1 | |
Ensnare | 1 | |
Berserker Upgrade | 1 | |
Troll Regeneration | 1 | |
Melee Weapons | 3 | |
War Drums Damage Increase | 1 | |
Burning Oil | 1 | |
22 total
» buildings
Orc Burrow | 7 | |
Altar of Storms | 1 | |
Barracks | 1 | |
War Mill | 1 | |
Stronghold | 2 | |
Great Hall | 1 | |
Voodoo Lounge | 2 | |
Watch Tower | 14 | |
Fortress | 1 | |
Beastiary | 4 | |
34 total
» build order
00:09 Orc Burrow
01:04 Orc Burrow
01:11 Altar of Storms
01:13 Barracks
02:14 War Mill
02:16 Orc Burrow
03:47 Stronghold
03:47 Stronghold
04:58 Great Hall
05:14 Voodoo Lounge
06:57 Watch Tower
07:01 Watch Tower
07:05 Watch Tower
07:09 Watch Tower
07:10 Watch Tower
07:11 Watch Tower
07:22 Fortress
08:18 Beastiary
08:19 Beastiary
09:56 Watch Tower
09:57 Watch Tower
10:58 Orc Burrow
11:06 Orc Burrow
11:10 Orc Burrow
14:51 Watch Tower
14:52 Watch Tower
14:53 Watch Tower
15:09 Beastiary
18:12 Watch Tower
18:13 Watch Tower
18:54 Voodoo Lounge
24:04 Orc Burrow
24:07 Watch Tower
24:12 Beastiary
» items
Lesser Clarity Potion | 9 | |
Healing Salve | 9 | |
Mechanical Critter | 3 | |
Boots of Speed | 1 | |
Orb of Lightning | 2 | |
Scroll of Town Portal | 4 | |
Potion of Mana | 3 | |
Potion of Healing | 1 | |
Scroll of Regeneration | 1 | |
33 total

»
chuchoelroto (
blue | 41 APM | 1998 actions | 48:25)
6 Mountain King
2 Storm Bolt
3 Bash
1 Avatar
» actions
Assign group hotkey | 82 | |
Basic commands | 90 | |
Build / train | 137 | |
Enter build submenu | 37 | |
Enter hero's abilities submenu | 6 | |
Give item / drop item | 1 | |
Right click | 570 | |
Select / deselect | 556 | |
Select group hotkey | 413 | |
Use ability | 106 | |
1998 total
» units
Peasant | 20 | |
Footman | 4 | |
Rifleman | 4 | |
Mortar Team | 20 | |
Flying Machine | 25 | |
Siege Engine | 2 | |
Priest | 9 | |
Sorceress | 1 | |
85 total
» upgrades
Defend | 1 | |
Lumber Harvesting | 1 | |
Gunpowder | 3 | |
Flare | 1 | |
Armor | 3 | |
Fragmentation Shards | 1 | |
Magic Sentry | 1 | |
Long Rifles | 1 | |
Flak Cannons | 1 | |
Flying Machine Bombs | 1 | |
Barrage | 1 | |
Plating | 2 | |
Priest Training | 2 | |
19 total
» buildings
Farm | 12 | |
Altar of Kings | 1 | |
Barracks | 1 | |
Lumber Mill | 1 | |
Arcane Vault | 2 | |
Blacksmith | 2 | |
Keep | 3 | |
Town Hall | 6 | |
Scout Tower | 6 | |
Workshop | 4 | |
Arcane Tower | 3 | |
Guard Tower | 3 | |
Castle | 1 | |
Arcane Sanctum | 1 | |
46 total
» build order
00:14 Farm
00:30 Altar of Kings
01:01 Barracks
01:09 Farm
02:01 Lumber Mill
02:13 Farm
02:47 Arcane Vault
03:43 Farm
04:12 Blacksmith
04:48 Keep
05:38 Town Hall
06:55 Scout Tower
06:58 Scout Tower
07:05 Arcane Vault
07:16 Workshop
07:30 Workshop
07:32 Arcane Tower
07:39 Workshop
07:50 Guard Tower
08:03 Farm
08:09 Workshop
09:03 Farm
09:04 Farm
09:27 Farm
09:39 Farm
09:43 Farm
10:16 Farm
13:19 Castle
14:24 Scout Tower
14:25 Scout Tower
14:28 Scout Tower
14:29 Scout Tower
15:01 Keep
15:11 Guard Tower
15:25 Arcane Sanctum
15:36 Guard Tower
15:37 Arcane Tower
17:18 Arcane Tower
26:40 Town Hall
30:13 Town Hall
31:30 Town Hall
32:11 Town Hall
39:13 Town Hall
42:45 Blacksmith
43:39 Farm
43:59 Keep
» items
Scroll of Regeneration | 2 | |
Lesser Clarity Potion | 3 | |
Mechanical Critter | 1 | |
Potion of Mana | 1 | |
Scroll of Town Portal | 4 | |
Orb of Fire | 1 | |
Potion of Healing | 2 | |
Circlet of Nobility | 1 | |
15 total
team 2 (loser)

»
themailman (
teal | 35 APM | 976 actions | 27:48)
5 Crypt Lord
3 Impale
2 Spiked Carapace
3 Death Knight
2 Death Coil
1 Unholy Aura
» actions
Build / train | 62 | |
Enter build submenu | 33 | |
Enter hero's abilities submenu | 8 | |
Give item / drop item | 1 | |
Remove unit from queue | 3 | |
Right click | 502 | |
Select / deselect | 298 | |
Use ability | 69 | |
976 total
» units
Acolyte | 16 | |
Ghoul | 6 | |
Crypt Fiend | 6 | |
Obsidian Statue | 3 | |
Frost Wyrm | 4 | |
35 total
» upgrades
Web | 1 | |
Creature Attack | 1 | |
Creature Carapace | 1 | |
Freezing Breath | 1 | |
4 total
» buildings
Ziggurat | 12 | |
Crypt | 2 | |
Graveyard | 2 | |
Altar of Darkness | 1 | |
Tomb of Relics | 2 | |
Halls of the Dead | 1 | |
Necropolis | 3 | |
Spirit Tower | 6 | |
Black Citadel | 2 | |
Slaughterhouse | 1 | |
Sacrificial Pit | 1 | |
Boneyard | 3 | |
Nerubian Tower | 1 | |
37 total
» build order
00:21 Ziggurat
00:24 Crypt
00:59 Graveyard
01:05 Altar of Darkness
01:58 Ziggurat
02:02 Tomb of Relics
03:51 Ziggurat
05:00 Halls of the Dead
05:28 Necropolis
06:29 Ziggurat
06:31 Ziggurat
06:39 Ziggurat
06:47 Ziggurat
07:38 Spirit Tower
07:47 Spirit Tower
07:54 Spirit Tower
08:08 Black Citadel
08:08 Black Citadel
08:54 Slaughterhouse
09:01 Sacrificial Pit
09:04 Ziggurat
09:24 Spirit Tower
10:31 Boneyard
10:39 Boneyard
10:45 Boneyard
11:52 Spirit Tower
12:41 Nerubian Tower
14:21 Necropolis
14:23 Ziggurat
14:25 Ziggurat
14:28 Ziggurat
14:31 Ziggurat
14:33 Crypt
14:55 Necropolis
15:09 Tomb of Relics
15:47 Graveyard
18:27 Spirit Tower
» items
Rod of Necromancy | 1 | |
Scroll of Town Portal | 1 | |
Dust of Appearance | 1 | |
3 total
kbilly (
red | 52 APM | 2201 actions | 42:09)
4 Blademaster
2 Wind Walk
2 Critical Strike
5 Shadow Hunter
1 Hex
3 Healing Wave
1 Serpent Ward
» actions
Assign group hotkey | 54 | |
Basic commands | 63 | |
Build / train | 91 | |
ESC pressed | 1 | |
Enter build submenu | 20 | |
Enter hero's abilities submenu | 10 | |
Give item / drop item | 1 | |
Right click | 847 | |
Select / deselect | 311 | |
Select group hotkey | 556 | |
Use ability | 247 | |
2201 total
» units
Peon | 11 | |
Grunt | 1 | |
Raider | 7 | |
Spirit Walker | 5 | |
Kodo Beast | 1 | |
Troll Witch Doctor | 6 | |
Goblin Shredder | 1 | |
32 total
» upgrades
Ensnare | 1 | |
Spirit Walker Training | 1 | |
Melee Weapons | 2 | |
Pillage | 1 | |
Armor | 2 | |
Spiked Barricades | 1 | |
Witch Doctor Training | 2 | |
War Drums Damage Increase | 1 | |
Reinforced Defenses | 1 | |
12 total
» buildings
Altar of Storms | 1 | |
Orc Burrow | 8 | |
Barracks | 1 | |
Voodoo Lounge | 1 | |
Stronghold | 1 | |
Spirit Lodge | 1 | |
Beastiary | 1 | |
War Mill | 1 | |
Fortress | 1 | |
Watch Tower | 6 | |
22 total
» build order
00:07 Altar of Storms
00:15 Orc Burrow
00:38 Barracks
01:34 Orc Burrow
01:53 Voodoo Lounge
02:53 Stronghold
03:16 Orc Burrow
05:21 Spirit Lodge
05:24 Beastiary
05:30 War Mill
06:08 Orc Burrow
08:58 Fortress
09:06 Watch Tower
09:09 Watch Tower
10:41 Watch Tower
10:54 Watch Tower
14:42 Orc Burrow
14:42 Orc Burrow
16:03 Orc Burrow
18:01 Watch Tower
18:01 Watch Tower
35:03 Orc Burrow
» items
Healing Salve | 6 | |
Boots of Speed | 1 | |
Circlet of Nobility | 1 | |
Scroll of Speed | 5 | |
Scroll of Town Portal | 4 | |
Orb of Lightning | 2 | |
Lesser Clarity Potion | 6 | |
Potion of Mana | 3 | |
Potion of Healing | 1 | |
Tiny Great Hall | 2 | |
31 total
GOKU-DID-MYMOM (
pink | 84 APM | 4084 actions | 48:25)
9 Blademaster
3 Critical Strike
3 Wind Walk
1 Bladestorm
2 Mirror Image
» actions
Assign group hotkey | 45 | |
Basic commands | 17 | |
Build / train | 89 | |
Enter build submenu | 35 | |
Enter hero's abilities submenu | 9 | |
Give item / drop item | 4 | |
Right click | 1805 | |
Select / deselect | 320 | |
Select group hotkey | 1253 | |
Use ability | 507 | |
4084 total
» units
Peon | 11 | |
Grunt | 3 | |
Goblin Shredder | 3 | |
Wind Rider | 15 | |
Goblin Sapper | 2 | |
Troll Batrider | 8 | |
42 total
» upgrades
Reinforced Defenses | 1 | |
Envenomed Spears | 1 | |
Ranged Weapons | 2 | |
Armor | 2 | |
Liquid Fire | 1 | |
7 total
» buildings
Altar of Storms | 1 | |
Orc Burrow | 7 | |
Barracks | 1 | |
Voodoo Lounge | 2 | |
Stronghold | 1 | |
War Mill | 1 | |
Great Hall | 2 | |
Watch Tower | 43 | |
Fortress | 1 | |
Beastiary | 3 | |
62 total
» build order
00:08 Altar of Storms
00:20 Orc Burrow
00:37 Barracks
01:25 Orc Burrow
01:56 Voodoo Lounge
03:06 Stronghold
03:45 War Mill
04:18 Orc Burrow
05:04 Great Hall
06:21 Watch Tower
06:21 Watch Tower
06:22 Watch Tower
06:32 Watch Tower
07:14 Fortress
07:34 Watch Tower
07:34 Watch Tower
07:34 Watch Tower
08:08 Watch Tower
08:09 Watch Tower
08:26 Watch Tower
08:27 Watch Tower
08:27 Watch Tower
09:00 Watch Tower
09:01 Watch Tower
09:03 Watch Tower
09:21 Beastiary
10:00 Beastiary
11:17 Orc Burrow
11:45 Orc Burrow
12:35 Watch Tower
12:35 Watch Tower
12:35 Watch Tower
12:36 Watch Tower
12:36 Watch Tower
12:37 Watch Tower
12:37 Watch Tower
12:49 Watch Tower
12:49 Watch Tower
13:50 Orc Burrow
14:21 Beastiary
15:05 Watch Tower
15:05 Watch Tower
15:22 Orc Burrow
17:19 Watch Tower
17:26 Watch Tower
17:26 Watch Tower
19:04 Watch Tower
19:04 Watch Tower
19:52 Great Hall
19:54 Watch Tower
19:54 Watch Tower
19:54 Watch Tower
19:55 Watch Tower
19:56 Watch Tower
20:52 Watch Tower
20:52 Watch Tower
20:52 Watch Tower
20:53 Watch Tower
21:00 Watch Tower
21:00 Watch Tower
21:01 Watch Tower
23:00 Voodoo Lounge
» items
Healing Salve | 4 | |
Orb of Lightning | 1 | |
Staff of Teleportation | 1 | |
Boots of Speed | 1 | |
Potion of Lesser Invulnerability | 4 | |
Lesser Clarity Potion | 3 | |
Scroll of Town Portal | 5 | |
Potion of Healing | 1 | |
Potion of Mana | 1 | |
21 total

»
Legionnaire (
orange | 61 APM | 1694 actions | 27:45)
5 Demon Hunter
3 Mana Burn
2 Evasion
2 Keeper of the Grove
1 Entangling Roots
1 Thorns Aura
4 Priestess of the Moon
2 Trueshot Aura
1 Scout
1 Searing Arrows
» actions
Assign group hotkey | 60 | |
Basic commands | 168 | |
Build / train | 81 | |
Enter build submenu | 35 | |
Enter hero's abilities submenu | 11 | |
Give item / drop item | 4 | |
Remove unit from queue | 1 | |
Right click | 547 | |
Select / deselect | 354 | |
Select group hotkey | 302 | |
Use ability | 131 | |
1694 total
» units
Wisp | 29 | |
Huntress | 6 | |
Druid of the Claw | 9 | |
Dryad | 3 | |
47 total
» upgrades
Sentinel | 1 | |
Druid of the Claw Training | 2 | |
Strength of the Wild | 3 | |
Reinforced Hides | 3 | |
Mark of the Claw | 1 | |
Well Spring | 1 | |
Ultravision | 1 | |
Abolish Magic | 1 | |
13 total
» buildings
Altar of Elders | 1 | |
Moon Well | 8 | |
Hunter's Hall | 1 | |
Ancient of War | 2 | |
Ancient of Wonders | 1 | |
Tree of Ages | 1 | |
Tree of Life | 2 | |
Ancient of Lore | 5 | |
Tree of Eternity | 1 | |
Ancient Protector | 1 | |
23 total
» build order
00:07 Altar of Elders
00:20 Moon Well
01:29 Hunter's Hall
01:43 Ancient of War
01:58 Moon Well
02:11 Ancient of Wonders
03:13 Ancient of War
03:18 Moon Well
05:07 Tree of Ages
05:10 Moon Well
06:16 Tree of Life
07:46 Ancient of Lore
08:35 Tree of Eternity
09:16 Ancient of Lore
09:39 Moon Well
14:33 Moon Well
14:35 Moon Well
14:37 Moon Well
14:41 Ancient of Lore
15:31 Ancient Protector
17:16 Ancient of Lore
17:17 Ancient of Lore
19:41 Tree of Life
» items
Boots of Speed | 1 | |
Orb of Venom | 2 | |
3 total
Chat log
(02:33 / Allies) GOKU-DID-MYMOM: great communication guys
(02:40 / All) kbilly: GLHF
(02:46 / All) artvandelay: k
(02:47 / All) artvandelay: billy
(02:51 / All) hanuOK: thx
(03:00 / Allies) GOKU-DID-MYMOM: red lets expo nigga
(03:06 / All) Legionnaire: wait till i get a case of budweiser and start drinkin beer
(03:08 / Allies) kbilly: no thank you
(03:11 / Allies) kbilly: going to harass
(03:34 / Allies) GOKU-DID-MYMOM: thx oj fuck red
(03:44 / Allies) kbilly: manners please.
(03:50 / Allies) GOKU-DID-MYMOM: lol
(04:38 / Allies) GOKU-DID-MYMOM: orange ur a nigger
(04:43 / All) Legionnaire: shutup nigga
(04:51 / Allies) Legionnaire: oh my fault
(04:54 / Allies) Legionnaire: nigga
(04:54 / All) GOKU-DID-MYMOM: lawl
(04:57 / Allies) Legionnaire: needed to heal
(05:32 / All) Legionnaire: go get your shinebox
(05:46 / All) Legionnaire: tell em tommyu
(07:48 / Allies) GOKU-DID-MYMOM: wyverns bats
(07:50 / Allies) GOKU-DID-MYMOM: niggers
(07:59 / Allies) Legionnaire: dayum you said n word
(08:07 / Allies) Legionnaire: throw down cuz
(08:11 / Allies) GOKU-DID-MYMOM: that u
(08:14 / Allies) GOKU-DID-MYMOM: i hatenaggers lawl?
(08:22 / All) Legionnaire: ima nigga
(10:22 / Allies) kbilly: THANKS FOR NOTHING PINK
(10:30 / Allies) GOKU-DID-MYMOM: want belt?
(10:34 / Allies) kbilly: no
(10:36 / Allies) kbilly: I want manners
(10:47 / Allies) kbilly: Please treat your allies with respect.
(10:48 / Allies) GOKU-DID-MYMOM: well do u want manners that comes with a belt lol
(13:16 / Allies) kbilly: brb
(13:56 / Allies) kbilly: omw back right side
(14:50 / All) artvandelay: not hacking at all
(14:50 / All) artvandelay: lmao
(14:57 / All) kbilly: to whom are you speaking?
(15:30 / All) 824782478292492: I am your master, kbilly
(15:43 / All) kbilly: because you killed two peons?
(15:49 / All) 824782478292492: No, for more than that
(16:39 / Allies) Legionnaire: red
(16:41 / Allies) Legionnaire: wtf
(16:44 / Allies) Legionnaire: iuduiot
(18:28 / Allies) kbilly: wood pink please
(19:32 / Allies) kbilly: pink, if you want to buy two shredders, then share wood pelase.
(19:42 / All) GOKU-DID-MYMOM: not mh just luck
(19:47 / All) 824782478292492: ?
(19:49 / All) artvandelay: ya ya sure pal
(19:56 / Allies) Legionnaire: share wood pink
(20:08 / Allies) Legionnaire: ty
(20:09 / Allies) kbilly: come on pink
(20:17 / Allies) kbilly: and you've taken two expos
(20:22 / Allies) kbilly: and you leeched my creeeps
(20:25 / Allies) kbilly: and you were rude to me
(20:27 / Allies) kbilly: get in the game man.
(20:28 / All) GOKU-DID-MYMOM: lol
(20:33 / Allies) GOKU-DID-MYMOM: red is my boy oh yea
(20:35 / All) GOKU-DID-MYMOM: dayum
(20:46 / Allies) Legionnaire: what you guys doing teal and red
(20:53 / Allies) kbilly: I beg your pardon?
(21:01 / Allies) Legionnaire: shut up and attack
(22:00 / All) 824782478292492: I AM YOUR MASTER, KBILLY!
(22:06 / All) kbilly: You're a cheeser.
(22:08 / All) kbilly: That's all
(22:21 / All) 824782478292492: So what, cheeser not a people pleaser, I don't do what others enjoy to win games
(22:21 / Allies) GOKU-DID-MYMOM: meet
(22:23 / Allies) GOKU-DID-MYMOM: my expos
(22:53 / Allies) GOKU-DID-MYMOM: quit being useless guys come hit left side
(23:04 / Allies) kbilly: Watch your manners pink.
(23:42 / Allies) kbilly: you've taken all the expos
(23:46 / Allies) kbilly: all the shredders,
(23:50 / Allies) kbilly: and your attitude sucks.
(24:15 / Allies) Legionnaire: red
(25:22 / Allies) kbilly: b
(25:54 / Allies) Legionnaire: teal you're fuckin garbage
(26:03 / Allies) kbilly: Pink, I'm really glad that you hogged all our resources so that you could build 25 towrs.
(27:06 / Allies) kbilly: you have 5k lumber pink. please share.
(27:33 / Allies) kbilly: b
(27:36 / Allies) kbilly: bad spot to fight
(27:39 / All) Legionnaire: what the fuck ever garbage fuckin allies i don't give a fuckin shit
(27:41 / All) Legionnaire: fuck you all
(27:45 / All) kbilly: WTF OJ?
(27:48 / All) artvandelay: LULZ
(27:49 / All) hanuOK: ez game
(27:50 / All) 824782478292492: It's not over yet
(27:50 / All) artvandelay: CRYMORE
(27:52 / All) 824782478292492: Don't leave kbilly
(28:47 / All) hanuOK: red you realize those buildings dont do shit right
(29:25 / All) chuchoelroto: why u bs green?
(29:36 / All) 824782478292492: I don't bullshit you blue
(29:37 / Allies) kbilly: pink, are you interested to win at all?
(29:39 / All) 824782478292492: I'm just doing what I do
(29:54 / Allies) kbilly: or are you going to carry on?
(30:18 / Allies) kbilly: You're being a real prick pink.
(30:26 / All) chuchoelroto: are u sad green?
(30:34 / All) 824782478292492: I'm not sad
(30:38 / All) 824782478292492: I'm having a good time, are you?
(30:42 / All) chuchoelroto: then why bs?
(30:47 / All) chuchoelroto: u bet
(30:48 / All) 824782478292492: I enjoy it
(30:48 / Allies) kbilly: Why are you signalling to me?
(30:49 / All) chuchoelroto: they suck
(30:51 / All) 824782478292492: It's really fun
(30:53 / Allies) kbilly: Are we communicating now?
(31:00 / Allies) kbilly: Answer me.
(31:31 / All) kbilly: Pink is bsing me.
(31:34 / All) artvandelay: good
(31:34 / All) artvandelay: ur shit
(31:36 / All) 824782478292492: Uh oh
(31:39 / All) 824782478292492: Wonder what's going on kbilly?
(31:40 / All) kbilly: Just so you know.
(31:43 / All) kbilly: That's what he is.
(31:46 / All) artvandelay: Roger that
(31:47 / All) 824782478292492: 2 tkers in a game
(31:49 / All) 824782478292492: Pretty suspicious
(32:03 / All) 824782478292492: ever seen that before?
(32:09 / All) hanuOK: yea
(32:27 / All) 824782478292492: oh yeah purp?
(32:30 / All) 824782478292492: were they organised?
(32:35 / All) hanuOK: nah
(32:41 / All) 824782478292492: hmm
(32:52 / Allies) GOKU-DID-MYMOM: red come
(32:53 / Allies) GOKU-DID-MYMOM: we need to hit
(32:59 / Allies) kbilly: DUde.
(33:01 / Allies) kbilly: you are killing me
(33:09 / Allies) kbilly: I've been begging you to speak to me for hours
(33:12 / Allies) kbilly: I need a base
(33:13 / Allies) kbilly: give me lumber
(33:19 / Allies) kbilly: stop fucking around.
(33:30 / Allies) kbilly: come on!
(33:48 / Allies) kbilly: come on asshole!
(33:57 / All) chuchoelroto: green is crazy
(34:03 / Allies) kbilly: give me 100 lumber
(34:06 / Allies) kbilly: it's not so hard.
(34:12 / Allies) kbilly: you have 8k lumber
(34:16 / Allies) kbilly: you cut down all my trees
(34:27 / Allies) kbilly: why did that take 30 minutes?
(34:29 / Allies) kbilly: fuck
(34:34 / Allies) kbilly: leave it
(35:23 / All) GOKU-DID-MYMOM: leave homos
(35:46 / All) 824782478292492: I own you, kbilly
(35:49 / Allies) kbilly: pink, you're an awful ally
(35:51 / Allies) kbilly: just so you know.
(35:54 / Allies) kbilly: I truly hate you.
(37:16 / All) GOKU-DID-MYMOM: give me credit red
(37:17 / All) GOKU-DID-MYMOM: im pro
(37:32 / All) 824782478292492: Turn your spirit walkers ethereal and non-ethereal 10 times in a row
(37:33 / All) chuchoelroto: ya pinki is better than green
(37:35 / All) 824782478292492: and you may still get the win
(37:37 / Allies) kbilly: \why are you giving me gold now?
(37:47 / Allies) kbilly: what do you think I can do with gold?
(37:57 / All) chuchoelroto: hahahah
(38:00 / All) chuchoelroto: he cant kill red
(38:05 / All) 824782478292492: Yes I can
(38:11 / All) kbilly: He really can.
(38:28 / All) 824782478292492: Kbilly knows what's up
(38:43 / All) kbilly: I'm basically staying in order to inform pink what a bad human being he is.
(38:52 / All) 824782478292492: Why is he a bad human being?
(38:54 / All) GOKU-DID-MYMOM: hes mad i took the first shrdder i guess
(39:02 / All) kbilly: And the second one.
(39:04 / All) kbilly: and my expo
(39:08 / All) kbilly: and cut down all my trees
(39:11 / All) GOKU-DID-MYMOM: lol
(39:13 / All) kbilly: and got 8k lumber
(39:17 / All) kbilly: and refused to share
(39:20 / All) GOKU-DID-MYMOM: i was focusing man
(39:22 / All) kbilly: and wouldn't let me rebuild
(39:23 / All) 824782478292492: Wow, what a prick!
(39:29 / All) GOKU-DID-MYMOM: look
(39:32 / All) kbilly: you were ignoring your allies and being ap ricck. \
(39:34 / All) chuchoelroto: die greeen
(39:44 / All) hanuOK: takes shredder and wood in an online fantasy game --> bad human being
(40:06 / All) 824782478292492: fucking hell you didn't stop the towers when I told you to
(41:36 / All) 824782478292492: jesus christ
(41:40 / All) 824782478292492: why the fuck can't you spam your towers
(41:43 / All) GOKU-DID-MYMOM: i did lol
(41:46 / All) kbilly: not my first rodeo
(41:49 / All) GOKU-DID-MYMOM: u ran right into bats
(41:52 / All) kbilly: even with you two bsers conspiring against me.
(41:52 / All) GOKU-DID-MYMOM: wtch replay
(42:09 / All) 824782478292492: No
(42:10 / All) GOKU-DID-MYMOM: rod are you an idiot? blue is right htere with mass copters, that is more important than getting reds hero
(42:12 / All) 824782478292492: Your towers were attacking me
(42:18 / All) GOKU-DID-MYMOM: i have more than ten towers rod
(42:31 / All) 824782478292492: Allied copters do nothing
(42:36 / All) 824782478292492: and a control group holds 12
(42:41 / All) GOKU-DID-MYMOM: that isnt the point, there is a better time to get reds hero
(42:46 / All) 824782478292492: Play better
(42:47 / All) GOKU-DID-MYMOM: when blue is right there
(42:49 / All) GOKU-DID-MYMOM: lol
(42:54 / All) GOKU-DID-MYMOM: dont get mad at me cuz u cant kill one hero
(45:08 / All) 824782478292492: how the fuck do you have trouble vs allied gyros
(45:14 / All) 824782478292492: they do nothing even in huge quantities
(45:19 / All) GOKU-DID-MYMOM: well how much gold does he have
(45:34 / All) 824782478292492: what does that have to do with anything
(46:09 / All) GOKU-DID-MYMOM: my ally in that game had 5 workshops and 5k gold with 2 expos. this guy has nothing
(46:22 / All) 824782478292492: they're effortless to kill
(46:37 / All) GOKU-DID-MYMOM: well then it isnt a problem
(47:00 / All) GOKU-DID-MYMOM: quit getting angry at me. and finish it
(47:06 / All) 824782478292492: I'm finishing it
(47:12 / All) 824782478292492: and don't tell me what to do
(47:35 / All) GOKU-DID-MYMOM: u have to calm down man. just a game
(47:50 / All) 824782478292492: I'm annoyed by your annoying attitude
(47:57 / All) 824782478292492: that you have always had, and made me block you for 4 months
(47:59 / All) GOKU-DID-MYMOM: ur annoyed because you couldnt kill reds hero.
(48:07 / All) 824782478292492: I'm annoyed because of you
(48:14 / All) GOKU-DID-MYMOM: and picked the worst possible spot to do it even with me spamming towers
(48:21 / All) 824782478292492: and I'm blocking you again after this game indefinitely, after checking the replay to show that I am right and you are wrong
(48:22 / All) 824782478292492: as always